 Dungeon Crawl Stone Soup version 0.29.1-15-g9cfb28693d (webtiles) character file.

Game seed: 5513657801784569849

120 adizb the Cudgeller (level 4, -2/39 HPs)
             Began as a Palentonga Fighter on Apr 22, 2023.
             Succumbed to an adder's poison
             ... on level 3 of the Dungeon.
             The game lasted 00:08:13 (1363 turns).

adizb the Cudgeller (Palentonga Fighter)            Turns: 1363, Time: 00:08:13

Health: -2/39      AC:  6    Str: 23    XL:     4   Next: 75%
Magic:  4/4        EV:  7    Int:  9    God:
Gold:   98         SH:  0    Dex:  9    Spells: 3/3 levels left

rFire   . . .      SeeInvis +   e - +0 great mace
rCold   . . .      Faith    .   (shield currently unavailable)
rNeg    . . .      Spirit   .   b - +0 scale mail
rPois   .          Reflect  .   (no helmet)
rElec   .          Harm     .   (no cloak)
rCorr   .          Rampage  .   (no gloves)
Will    .....                   (no barding)
Stlth   ..........              (no amulet)
HPRegen 0.13/turn               (no ring)
MPRegen 0.09/turn               (no ring)

@: lethally poisoned (-2 -> -10), attractive
A: large, rugged brown scales 3, see invisible, deformed body, roll 1, armoured
tail
a: Rolling Charge


You were on level 3 of the Dungeon.
You visited 1 branch of the dungeon, and saw 3 of its levels.

You collected 98 gold pieces.

Inventory:

Hand Weapons
 a - a +0 flail
 e - a +0 great mace (weapon)
Armour
 b - a +0 scale mail (worn)
 c - a +0 buckler
Wands
 d - a wand of polymorph (9)
Scrolls
 g - 4 scrolls of teleportation
 h - a scroll of fear
 i - a scroll of identify
Potions
 l - a potion of ambrosia


   Skills:
 + Level 4.0 Fighting
 * Level 4.2 Maces & Flails
 + Level 2.4 Armour
 - Level 2.6 Shields


You had 3 spell levels left.
You didn't know any spells.
Your spell library was empty.

Dungeon Overview and Level Annotations

Branches:
Dungeon (3/15)

Altars:


Innate Abilities, Weirdness & Mutations

You are completely covered in rugged brown scales. (AC +3, +7% HP)
You have supernaturally acute eyesight. (SInv)
Armour fits poorly on your strangely shaped body.
You can roll at nearby foes to attack.
You have a long armoured tail.


Message History

Your tail-slap misses the adder.
The adder barely misses you. The rat bites you. The adder bites you.
You are poisoned.
The adder poisons you!
You miss the adder.
You feel very sick. The adder bites you but does no damage.
The rat barely misses you. The adder barely misses you. The rat bites you.
You closely miss the adder.
You feel sick. The adder bites you. x2
You are more poisoned.
The adder poisons you! The rat bites you.
The adder bites you but does no damage. The adder bites you.
You completely miss the adder. You tail-slap the adder.
The adder is moderately wounded.
You feel very sick. The adder bites you but does no damage.
The rat bites you but does no damage. The adder bites you.
The adder bites you but does no damage. The rat bites you.
The adder closely misses you.
You thump the adder!
You kill the adder!
You feel sick. The adder barely misses you.
The rat bites you but does no damage. The adder bites you.
* * * LOW HITPOINT WARNING * * *
Your Fighting skill increases to level 4!
You miss the adder.
You feel sick. The rat barely misses you. The adder bites you.
* * * LOW HITPOINT WARNING * * *
The rat bites you but does no damage.
It was a potion of attraction.
You feel attractive to monsters.
You feel sick. The adder bites you.
* * * LOW HITPOINT WARNING * * *
You are lethally poisoned!
The adder poisons you! The adder barely misses you. The rat bites you.
* * * LOW HITPOINT WARNING * * *
It was a potion of magic.
Magic courses through your body.
* * * LOW HITPOINT WARNING * * *
You feel sick. The adder barely misses you. The rat barely misses you.
You barely miss the adder.
You die...

...######### ...
#..>.........##...
#.................
#.................
#######....... .........
#...........####<.....<.
#.).............S!......
#...†...........@†.....#
#................r..##.#
#.............?.....#
.###<####...#########
......<.........
[................
.......[#.#######
.######+#+# .


You could see an adder and a rat.

Vanquished Creatures
  Jessica (D:2)
  Robin (D:2)
  3 adders
  3 dart slugs
  3 bats
  3 endoplasms (D:1)
  2 giant cockroaches (D:1)
  10 goblins
  5 hobgoblins
  2 jackals (D:1)
  3 kobolds
  2 quokkas (D:1)
  4 ball pythons
  2 frilled lizards
  5 rats
49 creatures vanquished.

Notes
Turn   | Place    | Note
-------+----------+-------------------------------------------
     0 | D:1      | adizb the Palentonga Fighter began the quest for the Orb.
     0 | D:1      | Reached XP level 1. HP: 19/19 MP: 1/1
    29 | D:1      | Found a faded altar of an unknown god.
    86 | D:1      | Reached XP level 2. HP: 25/25 MP: 2/2
   289 | D:1      | Reached XP level 3. HP: 16/31 MP: 3/3
   406 | D:2      | Noticed Robin
   689 | D:2      | Killed Robin
   923 | D:2      | Reached XP level 4. HP: 37/39 MP: 4/4
   976 | D:2      | Noticed Jessica
   982 | D:2      | Killed Jessica
  1362 | D:3      | HP: 1/39 [poisoned by an adder]
  1363 | D:3      | Succumbed to an adder's poison

Illustrated notes

Levels and vault maps discovered:
D:1:      lightli_molten_gateway, layout_rooms,
          shapermc_ecumenical_altar_notcrosses, kennysheep_flooded_box,
          minmay_pentomino_p4
D:2:      layout_loops_cross, uniq_jessica, uniq_robin
D:3:      layout_basic, uniq_grinder

Skill      XL: |  1  2  3  4 |
---------------+-------------+-----
Maces & Flails | 3 4 |  4.2
Fighting       | 4 |  4.0
Armour         | |  2.4
Shields        | |  2.6

Action                   |  1- 3 |  4- 6 || total
-------------------------+-------+-------++-------
Melee: Great mace        |    84 |    29 ||   113
       Flail             |     6 |       ||     6
       Tailslap          |     8 |     4 ||    12
 Abil: Rolling Charge    |    25 |    10 ||    35
  Use: Scroll            |     8 |       ||     8
       Potion            |     2 |     2 ||     4
Armor: Scale mail        |    54 |    19 ||    73
Dodge: Dodged            |    35 |    13 ||    48
